 Dungeon Crawl Stone Soup version 0.15-a0-368-g875a5fb (webtiles) character file.

288 4tharraofdagon the Insei (level 5, -13/49 HPs)
             Began as a Naga Monk on May 4, 2014.
             Was a Believer of Cheibriados.
             Splashed by a jelly's acid (15 damage)
             ... on Level 6 of the Dungeon.
             The game lasted 00:06:25 (720 turns).

4tharraofdagon the Insei (Naga Monk)                 Turns: 720, Time: 00:06:25

HP -13/49        AC  2     Str 19      XL: 5   Next: 96%
MP   6/6         EV 16     Int 15      God: Cheibriados [**....]
Gold 69          SH 10     Dex 24      Spells:  0 memorised,  4 levels left

rFire  + . .     SeeInvis +       - Unarmed
rCold  . . .     Clarity  .     a - +0 robe
rNeg   . . .     Conserve .     g - -1 buckler
rPois  +         rCorr    .     (no helmet)
rElec  .         rRot     .     (no cloak)
SustAb . .       Spirit   .     (no gloves)
rMut   .         Warding  .     (no barding)
Saprov . . .     Stasis   .     (no amulet)
MR     .....                    l - ring of flight
                                j - ring of protection from fire

@: agile, very slightly contaminated, very slow, not resistant to hostile
enchantments, quite stealthy
A: spit poison, see invisible, deformed body, poison resistance, slowness 2, AC
+1
a: Spit Poison, Bend Time, Renounce Religion, Evoke Flight


You were on level 6 of the Dungeon.
You worshipped Cheibriados.
Cheibriados was pleased with you.
You were hungry.

You visited 2 branches of the dungeon, and saw 7 of its levels.

You collected 69 gold pieces.

Inventory:

Missiles
 d - 2 javelins (quivered)
Armour
 a - a +0 robe (worn)
 g - a -1 buckler (worn)
Comestibles
 b - a bread ration
 h - an apple
Scrolls
 e - a scroll of remove curse
 i - a scroll of noise
Jewellery
 j - a ring of protection from fire (left hand)
 l - a ring of flight (right hand)
Potions
 m - a potion of curing {unknown}


   Skills:
 + Level 3.6 Fighting
 + Level 3.0 Dodging
 + Level 4.8 Stealth
 + Level 1.2 Shields
 * Level 5.2 Unarmed Combat
 + Level 1.4 Invocations


You had 4 spell levels left.
You didn't know any spells.

Dungeon Overview and Level Annotations

Branches:
Dungeon (7/15)             Temple (1/1) D:4

Altars:
Cheibriados
Elyvilon
Kikubaaqudgha
Makhleb
Nemelex Xobeh
Yredelemnul
Zin
The Shining One

Shops:
D:4 =


Innate Abilities, Weirdness & Mutations

You cannot wear boots.
You can spit poison.
Your serpentine skin is tough (AC +1).
You have supernaturally acute eyesight.
Armour fits poorly on your strangely shaped body.
Your system is resistant to poisons.
You cover ground very slowly.


Message History

The crimson imp blinks!
Unknown command.
The jelly quivers.
Unknown command.
The crimson imp blinks!
Unknown command.
Read which item? (? for menu, Esc to quit)
As you read the scroll labeled OFY RUMMOOHUIHUM, it crumbles to dust.
It is a scroll of identify.
Identify which item? (\ to view known items) (? for menu, Esc to quit)
i - a scroll of noise The jelly hits you.
You are splashed with acid!
The acid burns!
* * * LOW HITPOINT WARNING * * *
Unknown command.
Drink which item? (? for menu, Esc to quit)
You feel agile all of a sudden.
It was a potion of agility.
The jelly hits you.
* * * LOW HITPOINT WARNING * * *
You are splashed with acid!
The acid corrodes your +0 buckler!
The acid burns!
You die...

### ...
##############..
...............#
#
##...#########.#
.# #.###)## #.#
#.# # #...#
#.##.#
#.#.######5J@#
.##........##.#
# ########.# #.#
#.# .# ..# # ###


You could see a jelly and a crimson imp.

Vanquished Creatures
  An ogre (D:6)
  A scorpion (D:4)
  A worker ant (D:4)
  3 adders (D:3)
  A worm (D:4)
  An adder skeleton (D:4)
  An orc (D:3)
  A giant cockroach (D:4)
  2 goblins
  3 hobgoblins
  A quokka (D:4)
  4 bats
  A giant gecko (D:3)
  2 giant newts (D:3)
  A goblin skeleton (D:4)
  4 kobolds
  An orc skeleton (D:4)
  3 rats
32 creatures vanquished.

Notes
Turn   | Place    | Note
--------------------------------------------------------------
     0 | D:1      | 4tharraofdagon, the Naga Monk, began the quest for the Orb.
     0 | D:1      | Reached XP level 1. HP: 21/21 MP: 1/1
    65 | D:2      | Reached XP level 2. HP: 22/28 MP: 2/2
   236 | D:3      | Reached XP level 3. HP: 29/34 MP: 3/3
   352 | D:4      | Found a staircase to the Ecumenical Temple.
   369 | Temple   | Entered the Ecumenical Temple
   377 | Temple   | Became a worshipper of Cheibriados the Contemplative
   415 | D:4      | Reached XP level 4. HP: 33/42 MP: 4/4
   457 | D:4      | Noticed a scorpion
   469 | D:4      | Killed a scorpion
   469 | D:4      | Reached XP level 5. HP: 42/49 MP: 5/5
   522 | D:4      | Found a glowing golden altar of the Shining One.
   548 | D:4      | Found Frosty's Jewellery Boutique.
   620 | D:4      | Found a glowing silver altar of Zin.
   679 | D:4      | You fall through a shaft for 3 floors!
   683 | D:6      | Noticed an ogre
   690 | D:6      | Killed an ogre
   690 | D:6      | Reached skill level 1 in Shields
   690 | D:6      | Reached skill level 5 in Unarmed Combat
   690 | D:6      | Reached skill level 1 in Invocations
   719 | D:6      | HP: 2/49 [acid (13)]
   720 | D:6      | Splashed by a jelly's acid

Action                   |  1- 3 |  4- 6 || total
-------------------------+-------+-------++-------
Melee: Unarmed           |    45 |    40 ||    85
Throw: Javelin           |    11 |    10 ||    21
 Abil: Spit Poison       |    18 |    11 ||    29
  Use: Scroll            |       |     3 ||     3
       Potion            |       |     1 ||     1
